 Dungeon Crawl Stone Soup version 0.28.0-43-g3370ac3207 (webtiles) character file.

Game seed: 16745818180319889997

1526 Pinkishskies the Cleaver (level 8, -2/70 HPs)
             Began as a Minotaur Fighter on Mar 8, 2022.
             Was an Initiate of the Shining One.
             Killed by vampiric draining
             ... invoked by a vampire
              (18 damage)
             ... on level 5 of the Dungeon.
             The game lasted 00:17:23 (5386 turns).

Pinkishskies the Cleaver (Minotaur Fighter)         Turns: 5386, Time: 00:17:24

Health: -2/70      AC: 14    Str: 22    XL:     8   Next: 54%
Magic:  7/7        EV:  5    Int:  5    God:    the Shining One [......]
Gold:   183        SH: 13    Dex: 11    Spells: 7/7 levels left

rFire   + . .      SeeInvis .   a - +0 war axe
rCold   x . .      Faith    .   v - +0 tower shield
rNeg    . . .      Spirit   .   j - +0 chain mail
rPois   .          Reflect  .   (helmet restricted)
rElec   +          Harm     .   A - +1 cloak of Hedging {rElec Will+}
rCorr   .          Rampage  .   (no gloves)
Will    +....                   x - +0 pair of boots
Stlth   ..........              (no amulet)
HPRegen 0.21/turn               i - ring of fire
MPRegen 0.10/turn               (no ring)

@: glowing
A: horns 2, retaliatory headbutt
a: Renounce Religion


You were on level 5 of the Dungeon.
You worshipped the Shining One.
The Shining One was noncommittal.
You visited 2 branches of the dungeon, and saw 7 of its levels.

You collected 183 gold pieces.

Inventory:

Hand Weapons
 a - a +0 war axe (weapon)
 p - a +2 dagger of holy wrath
 F - a +1 mace of distortion
Armour
 b - a +0 scale mail
 c - a +0 buckler
 j - a +0 chain mail (worn)
 v - a +0 tower shield (worn)
 x - a +0 pair of boots (worn)
 A - the +1 cloak of Hedging (worn) {rElec Will+}
   (You found it on level 5 of the Dungeon)

   rElec:     It insulates you from electricity.
   Will:      It increases your willpower.
Jewellery
 i - a ring of fire (left hand)
 s - the ring "Suneih Inys" {Will- AC+4 Slay+5 SInv}
   (You found it on level 4 of the Dungeon)

   [ring of protection]

   AC:        It affects your AC (+4).
   Slay:      It affects your accuracy & damage with ranged weapons and melee
   (+5).
   SInv:      It lets you see invisible.
   Will:      It decreases your willpower.
 u - a ring of protection from fire
 C - an amulet of guardian spirit
 E - a ring of positive energy
Wands
 o - a wand of mindburst (5)
Scrolls
 f - 3 scrolls of teleportation {unknown}
 h - 2 scrolls of fog {unknown}
 k - 13 scrolls of identify {unknown}
 m - a scroll of amnesia {unknown}
 q - a scroll of vulnerability {unknown}
 r - a scroll of acquirement {unknown}
 t - 2 scrolls of silence {unknown}
 y - a scroll of magic mapping {unknown}
 B - a scroll of enchant weapon {unknown}
Potions
 d - 3 potions of berserk rage {unknown}
 e - 3 potions of curing {unknown}
 g - 2 potions of flight {unknown}
 l - 2 potions of mutation {unknown}
 n - a potion of heal wounds {unknown}
 w - a potion of lignification {unknown}
 z - a potion of brilliance {unknown}
 D - 2 potions of degeneration {unknown}


   Skills:
 + Level 5.9 Fighting
 + Level 8.6 Axes
 + Level 7.7 Armour
 + Level 2.0 Dodging
 + Level 0.2 Stealth
 + Level 5.4 Shields
 + Level 0.8 Evocations


You had 7 spell levels left.
You didn't know any spells.
Your spell library contained the following spells:

 Spells                   Type           Power      Damage    Failure   Level
 Foxfire                  Conj/Fire      0%         2x1d4     100%        1
 Conjure Flame            Conj/Fire      0%         6-21      100%        3
 Inner Flame              Hex/Fire       0%         N/A       100%        3
 Flame Wave               Conj/Fire      0%         2d4       100%        4
 Iskenderun's Battlesphe  Conj           0%         2d6       100%        5
 Dispersal                Tloc           0%         N/A       100%        6
 Iron Shot                Conj/Erth      0%         9d1       100%        6
 Spellforged Servitor     Conj/Summ      0%         N/A       100%        7
 Disjunction              Tloc           0%         N/A       100%        8


Dungeon Overview and Level Annotations

Branches:
Dungeon (6/15)             Temple (1/1) D:6

Altars:
Ashenzari
Cheibriados
Elyvilon
Fedhas
Gozag
Hepliaklqana
Kikubaaqudgha
Okawaru
Qazlal
Ru
Sif Muna
Trog
Uskayaw
Vehumet
Wu Jian
Xom
Yredelemnul
Zin
The Shining One


Innate Abilities, Weirdness & Mutations

You have a pair of horns on your head.
You reflexively headbutt those who attack you in melee.


Message History

Nothing quivered!
Nothing quivered!
A vampire comes into view.
Unknown command.
A vampire is nearby!
You hit the vampire but do no damage.
You headbutt the vampire, but do no damage.
The vampire hits you! You block the vampire's attack.
You hit the vampire. Your headbutt misses the vampire.
The vampire is lightly damaged.
The vampire hits you but does no damage.
The vampire bites you!
The vampire draws strength from your injuries!
Aiming: Mindburst
Press: ? - help, Q - select action Shift-Dir - straight line, f - vampire
Aim: a vampire (lightly damaged, chance to affect: 51%)
The vampire's mind is blasted!
The vampire hits you!
* * * LOW HITPOINT WARNING * * *
You block the vampire's attack.
Items here: )))) [[[ ††††.
You are no longer corroded.
The vampire casts a spell.
The vampire flickers and vanishes!
Deactivating autopickup; reactivate with Ctrl-A.
There is a stone staircase leading up, spattered with blood here.
Something hits you but does no damage. Something bites you but does no damage.
You climb upwards.
Reactivating autopickup.
There is a stone staircase leading down here.
Deactivating autopickup; reactivate with Ctrl-A.
You miss something. Something hits you but does no damage. Something bites you.
* * * LOW HITPOINT WARNING * * *
Something draws strength from your injuries!
Something hits you but does no damage. Something bites you.
* * * LOW HITPOINT WARNING * * *
Something draws strength from your injuries!
You hit something. Your headbutt misses something.
Something draws life force from you!!
You die...

###########
##.....##...
############...........
#........##............
#........##............
#.....@..##............
#........##............
#....(...##............
#........##............
#........###...........
#........# ##.....#....
#........# #########..
#........# #..
#####.##.## #####..


There were no monsters in sight!

Vanquished Creatures
  Maggie (D:6)
  Prince Ribbit (D:6)
  Pargi (D:4)
  An ice beast (D:5)
  A phantom (D:6)
  3 scorpions
  A water moccasin skeleton (D:4)
  A jelly (D:6)
  A bullfrog skeleton (D:5)
  A centaur zombie (D:4)
  A hound (D:6)
  2 orc priests
  An iguana (D:5)
  5 orc wizards
  A hound skeleton (D:5)
  4 gnolls (D:3)
  8 adders
  A shadow imp (D:5)
  An ufetubus (D:5)
  4 worms
  2 dart slugs
  13 orcs
  3 ball pythons
  6 bats
  7 endoplasms
  5 giant cockroaches
  9 goblins
  9 hobgoblins
  10 jackals
  5 kobolds
  4 quokkas
  3 frilled lizards
  4 rats
120 creatures vanquished.

Vanquished Creatures (others)
  An orc wizard (D:6)
1 creature vanquished.

Grand Total: 121 creatures vanquished

Notes
Turn   | Place    | Note
-------+----------+-------------------------------------------
     0 | D:1      | Pinkishskies the Minotaur Fighter began the quest for the
                  | Orb.
     0 | D:1      | Reached XP level 1. HP: 19/19 MP: 0/0
     6 | D:1      | Noticed a swamp drake
     6 | D:1      | Noticed a polar bear
     6 | D:1      | Noticed a killer bee
     7 | D:1      | Noticed a wolf
     7 | D:1      | Noticed a salamander
   201 | D:1      | Reached XP level 2. HP: 27/27 MP: 1/1
   782 | D:1      | Reached XP level 3. HP: 32/32 MP: 2/2
   953 | D:1      | Reached skill level 3 in Axes
  1185 | D:2      | Reached skill level 1 in Dodging
  1185 | D:2      | Reached XP level 4. HP: 41/41 MP: 3/3
  1195 | D:2      | Found an opulent altar of Gozag.
  1354 | D:2      | Noticed a scorpion
  1365 | D:2      | Killed a scorpion
  1366 | D:2      | Reached skill level 4 in Axes
  1366 | D:2      | Reached XP level 5. HP: 18/47 MP: 4/4
  1986 | D:2      | You fall into a shaft and drop 1 floor!
  2509 | D:3      | Reached skill level 5 in Armour
  2511 | D:3      | Reached skill level 5 in Axes
  2517 | D:3      | Reached XP level 6. HP: 20/53 MP: 5/5
  3469 | D:4      | Noticed Pargi
  3486 | D:4      | Killed Pargi
  3487 | D:4      | Reached skill level 6 in Axes
  3487 | D:4      | Reached XP level 7. HP: 35/60 MP: 6/6
  3680 | D:4      | Identified the ring "Suneih Inys" {Will- AC+4 Slay+5 SInv}
  4182 | D:5      | Entered Level 5 of the Dungeon
  4196 | D:5      | Reached skill level 5 in Fighting
  4196 | D:5      | Reached skill level 7 in Axes
  4227 | D:5      | Identified the +1 cloak of Hedging {rElec Will+}
  4546 | D:5      | Found a white marble altar of Elyvilon.
  4596 | D:6      | Noticed Prince Ribbit
  4596 | D:6      | Found a staircase to the Ecumenical Temple.
  4773 | D:6      | Killed Prince Ribbit
  4774 | D:6      | Reached skill level 5 in Shields
  4774 | D:6      | Reached XP level 8. HP: 69/69 MP: 7/7
  4796 | Temple   | Entered the Ecumenical Temple
  5107 | Temple   | Became a worshipper of the Shining One
  5201 | D:6      | Noticed Maggie
  5217 | D:6      | Killed Maggie
  5218 | D:6      | Reached skill level 8 in Axes
  5386 | D:5      | Killed from afar by a vampire

Illustrated notes

Levels and vault maps discovered:
D:1:      onia_arrival_zoo_common, layout_basic, minmay_split_cup_large
D:2:      layout_basic, basic_altar, minivault_25, grunt_decor_cap,
          kennysheep_decorative_pillar
D:3:      layout_loops_corners
D:4:      layout_loops_ring, minmay_close_crescents, uniq_pargi
D:5:      layout_rooms, kennysheep_little_box
D:6:      layout_loops_cross, minmay_temple_entry_trees, uniq_prince_ribbit1,
          uniq_maggie
Temple:   mainiacjoe_temple_hex_bubbles

Skill      XL: |  1  2  3  4  5  6  7  8 |
---------------+-------------------------+-----
Fighting       | 4 5 |  5.9
Armour         | 4 5 6 7 |  7.7
Axes           | 3 4 5 6 7 8 |  8.6
Dodging        | 1 2 |  2.0
Shields        | 4 5 |  5.4
Stealth        | |  0.2
Evocations     | |  0.8

Action                   |  1- 3 |  4- 6 |  7- 9 || total
-------------------------+-------+-------+-------++-------
Melee: War axe           |    83 |   110 |   150 ||   343
       Headbutt          |     8 |    13 |    26 ||    47
Evoke: Wand              |       |     1 |     5 ||     6
  Use: Potion            |       |     1 |       ||     1
Armor: Scale mail        |    29 |       |       ||    29
       Chain mail        |    32 |    67 |    91 ||   190
Dodge: Dodged            |    38 |    43 |    35 ||   116
Block: Buckler           |    22 |    21 |     9 ||    52
       Tower shield      |       |       |    58 ||    58
